 Dungeon Crawl Stone Soup version 0.19.1 (webtiles) character file.

1211 sveltemanboy the Spear-Bearer (level 8, 0/58 HPs)
             Began as a Formicid Fighter on Nov 30, 2016.
             Was an Initiate of Gozag.
             Killed from afar by an orc wizard (6 damage)
             ... with a puff of flame
             ... on level 5 of the Dungeon.
             The game lasted 00:11:04 (5304 turns).

sveltemanboy the Spear-Bearer (Formicid Fighter)    Turns: 5304, Time: 00:11:06

Health: 0/58       AC:  8    Str: 24    XL:     8   Next: 74%
Magic:  8/8        EV:  6    Int: 10    God:    Gozag
Gold:   145        SH: 10    Dex: 10    Spells: 0 memorised, 7 levels left

rFire  . . .     SeeInvis +     a - +0 trident
rCold  . . .     Gourm    .     t - +0 chain mail of the Desolation of Salt {Int+3} (curse)
rNeg   . . .     Faith    .     c - +0 shield
rPois  +         Spirit   .     (helmet unavailable)
rElec  .         Reflect  .     (no cloak)
rCorr  .         Harm     .     (no gloves)
MR     .....                    (no boots)
Stlth  ..........               b - amulet of regeneration (curse)
                                (no ring)
                                e - ring of poison resistance

@: drained
A: permanent stasis, dig shafts and tunnels, four strong arms, antennae 3
a: Dig, Shaft Self, Potion Petition, Call Merchant, Bribe Branch, Renounce
Religion


You were on level 5 of the Dungeon.
You worshipped Gozag.
Gozag was aware of your devotion.
You were hungry.

You visited 1 branch of the dungeon, and saw 5 of its levels.

You collected 942 gold pieces.
You spent 266 gold pieces at shops.
You paid 531 gold pieces to Gozag.

Inventory:

Hand Weapons
 a - a +0 trident (weapon)
Armour
 c - a +0 shield (worn)
 t - the cursed +0 chain mail of the Desolation of Salt (worn) {Int+3}
   (You bought it in a shop on level 4 of the Dungeon)

   It affects your intelligence (+3).
   It has a curse placed upon it.
Jewellery
 b - a cursed amulet of regeneration (around neck)
 e - a ring of poison resistance (left hand)
Scrolls
 g - 3 scrolls of identify {unknown}
 h - a scroll of noise {unknown}
 m - 3 scrolls of remove curse {unknown}
 o - 2 scrolls of amnesia {unknown}
 p - a scroll of random uselessness {unknown}
 q - a scroll of teleportation {unknown}
 r - a scroll of recharging {unknown}
 s - 2 scrolls of fog {unknown}
 v - a scroll of enchant weapon {unknown}
Potions
 d - a potion of curing {unknown}
 i - a potion of mutation {unknown}
 j - 2 potions of cancellation {unknown}
 k - a potion of flight {unknown}
 l - a potion of heal wounds {unknown}
 n - 2 potions of lignification {unknown}
 u - a potion of invisibility {unknown}
 w - a potion of might
Comestibles
 f - 4 bread rations


   Skills:
 - Level 3.2(2.2) Fighting
 + Level 9.3(8.1) Polearms
 - Level 3.2(2.2) Armour
 + Level 5.9(4.8) Shields


You had 7 spell levels left.
You didn't know any spells.

Dungeon Overview and Level Annotations

Branches:
Dungeon (5/15)             Temple (0/1) D:4

Altars:
Gozag

Shops:
D:4 [


Innate Abilities, Weirdness & Mutations

You are under a permanent stasis effect.
You can dig through walls and to a lower floor.
Your four strong arms can wield two-handed weapons with a shield.
You have a pair of large antennae on your head. (SInv)


Message History

* * * LOW HITPOINT WARNING * * *
Found a stone staircase leading down.
The orc wizard gestures at you while chanting.
Your stasis keeps you stable.
The orc wizard hits you but does no damage.
You barely miss the orc wizard. You block the orc wizard's attack.
The orc hits you but does no damage.
The orc wizard hits you but does no damage.
You hit the orc wizard but do no damage.
The orc wizard hits you but does no damage.
The orc barely misses you.
The orc wizard hits you but does no damage.
You block the orc's attack.
You barely miss the orc wizard.
The orc wizard casts a spell.
You block the orc's attack. You block the orc wizard's attack.
The orc wizard casts a spell at you. The puff of flame hits you!
You die...
Your body crumbles into a pile of gold.

.....#.....#.
...>......##...##....#.
..........##...##....#.
$
...........#........##.
.........#........###
........#.........# ####
#......#.........#
....##..5..##...##....#
........@o..##...##...##
........ooo..#....##...#
.............#....##...#
.. #....##.....#....#
...#
..##....##.....#....#
...#
...............#....#
...............#....#
...............#....#
.....>..)......##...#


You could see 2 orc wizards, a shadow imp and 2 orcs.

Vanquished Creatures
  Edmund (D:5)
  A water moccasin (D:5)
  A sky beast (D:5)
  3 ogres
  A big kobold (D:4)
  2 howler monkeys (D:5)
  A centaur skeleton (D:4)
  2 orc wizards (D:4)
  Jessica (D:3)
  2 worker ants
  Terence (D:3)
  10 gnolls (D:4)
  2 adders
  An ooze (D:2)
  An adder zombie (D:5)
  A worm (D:3)
  6 dart slugs
  3 leopard geckos
  7 orcs
  2 giant cockroaches
  34 goblins
  27 hobgoblins
  13 jackals
  2 quokkas (D:4)
  9 bats
  10 frilled lizards
  A jackal skeleton (D:4)
  A jackal zombie (D:5)
  10 kobolds
  A leopard gecko skeleton (D:4)
  3 rats
160 creatures vanquished.

Vanquished Creatures (others)
  An orc wizard (D:4)
1 creature vanquished.

Grand Total: 161 creatures vanquished

Notes
Turn   | Place    | Note
-------+----------+-------------------------------------------
     0 | D:1      | sveltemanboy the Formicid Fighter began the quest for the Orb.
     0 | D:1      | Reached XP level 1. HP: 18/18 MP: 1/1
   194 | D:1      | Reached XP level 2. HP: 24/24 MP: 2/2
   514 | D:1      | Reached skill level 3 in Polearms
   683 | D:1      | Reached XP level 3. HP: 15/29 MP: 3/3
  1375 | D:3      | Reached XP level 4. HP: 35/35 MP: 4/4
  1406 | D:3      | Reached skill level 4 in Polearms
  1629 | D:3      | Found an opulent altar of Gozag.
  1761 | D:3      | Became a worshipper of Gozag Ym Sagoz the Greedy
  1978 | D:3      | Noticed Terence
  1987 | D:3      | Killed Terence
  1987 | D:3      | Reached XP level 5. HP: 38/41 MP: 5/5
  2143 | D:3      | Noticed Jessica
  2149 | D:3      | Killed Jessica
  2149 | D:3      | Reached skill level 5 in Polearms
  2383 | D:4      | Noticed an ogre
  2392 | D:4      | Killed an ogre
  2392 | D:4      | Reached skill level 6 in Polearms
  2392 | D:4      | Reached XP level 6. HP: 27/47 MP: 6/6
  2752 | D:4      | Found a staircase to the Ecumenical Temple.
  3186 | D:4      | Reached skill level 7 in Polearms
  3186 | D:4      | Reached XP level 7. HP: 23/52 MP: 7/7
  4548 | D:4      | Reached skill level 8 in Polearms
  4856 | D:4      | Reached XP level 8. HP: 58/58 MP: 8/8
  4864 | D:4      | Bought an ancient chain mail for 266 gold pieces
  4874 | D:4      | Identified the cursed +0 chain mail of the Desolation of Salt {Int+3} (You bought it in a shop on level 4 of the Dungeon)
  5019 | D:5      | Entered Level 5 of the Dungeon
  5222 | D:5      | Noticed Edmund
  5237 | D:5      | Reached skill level 9 in Polearms
  5237 | D:5      | Reached skill level 5 in Shields
  5261 | D:5      | Killed Edmund
  5280 | D:5      | HP: 2/58 [shadow imp/nerve-wracking pain (4)]
  5296 | D:5      | HP: 1/58 [orc wizard/puff of frost (4)]
  5304 | D:5      | Killed from afar by an orc wizard

Skill      XL: |  1  2  3  4  5  6  7  8 |
---------------+-------------------------+-----
Polearms       | 3 4 6 7 8 9 |  9.3
Shields        | 5 |  5.9
Fighting       | |  3.2
Armour         | |  3.2

Action                   |  1- 3 |  4- 6 |  7- 9 || total
-------------------------+-------+-------+-------++-------
Melee: Trident           |   118 |   192 |   336 ||   646
Invok: Potion Petition   |       |       |     1 ||     1
       Call Merchant     |       |       |     1 ||     1
  Use: Potion            |       |     1 |       ||     1
  Eat: Chunk             |     2 |     1 |       ||     3
       Fruit             |       |     3 |       ||     3
       Beef jerky        |       |     1 |       ||     1
       Meat ration       |       |       |     1 ||     1
       Royal jelly       |       |       |     1 ||     1
Armor: Scale mail        |    29 |    48 |    58 ||   135
       Chain mail        |       |       |    38 ||    38
Dodge: Dodged            |    23 |    43 |    99 ||   165
Block: Shield            |    48 |    67 |   189 ||   304
